 Dungeon Crawl Stone Soup version 0.28.0-53-g5a82cb258f (console) character file.

Game seed: 15807520829651476831

0 erker the Digger (level 1, 0/11 HPs)
             Began as an Octopode Earth Elementalist on July 15, 2022.
             Slain by a quokka (5 damage)
             ... on level 1 of the Dungeon.
             The game lasted 00:00:13 (49 turns).

erker the Digger (Octopode Earth Elementalist)        Turns: 49, Time: 00:00:13

Health: 0/11       AC:  1    Str:  7    XL:     1   Next: 10%
Magic:  2/3        EV: 13    Int: 17    God:
Gold:   11         SH:  0    Dex: 12    Spells: 3/4 levels left

rFire   . . .      SeeInvis .   (no weapon)
rCold   . . .      Faith    .   (no shield)
rNeg    . . .      Spirit   .   (helmet restricted)
rPois   .          Reflect  .   (no amulet)
rElec   .          Harm     .   (no ring)
rCorr   .          Rampage  .   (no ring)
Will    .....                   (no ring)
Stlth   +++.......              (no ring)
HPRegen 0.03/turn               (no ring)
MPRegen 0.08/turn               (no ring)
                                (no ring)
                                (no ring)

@: very slightly contaminated
A: almost no armour, amphibious, 8 rings, camouflage 1, gelatinous body 1,
(nimble swimmer 1), tentacles
a: no special abilities


You were on level 1 of the Dungeon.
You visited 1 branch of the dungeon, and saw 1 of its levels.

You collected 11 gold pieces.

Inventory:

Missiles
 b - 30 stones
Potions
 a - a potion of invisibility {unknown}
 c - a potion of curing {unknown}


   Skills:
 - Level 2.0 Dodging
 + Level 2.8 Stealth
 - Level 2.0 Spellcasting
 - Level 1.0 Transmutations
 - Level 3.0 Earth Magic


You had 3 spell levels left.
You knew the following spells:

 Your Spells              Type           Power      Damage    Failure   Level
a - Sandblast             Erth           22%        2d7       5%          1

Your spell library contained the following spells:

 Spells                   Type           Power      Damage    Failure   Level
 Passwall                 Tmut/Erth      6%         N/A       13%         2
 Stone Arrow              Conj/Erth      12%        3d7       30%         3
 Petrify                  Tmut/Erth      8%         N/A       63%         4


Dungeon Overview and Level Annotations

Branches:
Dungeon (1/15)

Altars:


Innate Abilities, Weirdness & Mutations

You cannot wear most types of armour.
You are amphibious.
You can wear up to eight rings at the same time.
Your skin changes colour to match your surroundings (Stealth+).
Your rubbery body absorbs attacks. (AC +1, EV +1)
((You are camouflaged when in or above water. (Stealth+)))
You have tentacles for arms and can constrict up to eight enemies at once.


Message History

Welcome, erker the Octopode Earth Elementalist.
It is said that the Orb of Zot exists deep within this dungeon.
Press ? for a list of commands and other information.
Found 11 gold pieces and a club.
Found a staircase leading out of the dungeon.
You now have 11 gold pieces.
A rat comes into view.
You closely miss the rat. You grab the rat. Your squeeze misses the rat.
You constrict the rat.
You kill the rat!
No target in view!
a - a murky red potion
c - a sedimented yellow potion A goblin comes into view.
It is wielding a +0 dagger.
You see here a scroll labelled QANI GIUFA.
The goblin shouts!
A quokka comes into view.
Found 10 gold pieces.
Found 10 gold pieces.
A bat comes into view.
The goblin hits you with a +0 dagger.
The bat moves out of view.
You barely miss the goblin. Your grab misses the goblin.
The goblin hits you with a +0 dagger.
You are too injured to fight recklessly!
You are too injured to fight recklessly!
The goblin barely misses you.
The quokka twitches its whiskers.
The quokka closely misses you. The quokka barely misses you.
Casting: Sandblast (safe; 5% risk of failure)
Confirm with . or Enter, or press ? or * to list all spells.
Aiming: Sandblast (safe; 5% risk of failure)
Press: ? - help, Shift-Dir - straight line, f - goblin
Aim: a goblin, wielding a +0 dagger (74% to hit)
You miscast Sandblast.
You are very lightly contaminated with residual magic.
Nothing appears to happen.
The quokka bites you.
You die...

+........#
#....#
#........#
#....#
#........#
#....#
#....?...#
#....#
#........#
#....#
#........#
#.†..#
#....g...#
###....#
#####r####
#...##.##
#.@#####.#.##..#
##.............#
#.............#
#...#######.).#
#...##...##...#
#...+.#+#.#...#
#...#.# #.#...#
#...+ ###.#...#
##..# ..##..##


You could see a quokka and a goblin.

Vanquished Creatures
  A rat (D:1)
1 creature vanquished.

Notes
Turn   | Place    | Note
-------+----------+-------------------------------------------
     0 | D:1      | erker the Octopode Earth Elementalist began the quest for
                  | the Orb.
     0 | D:1      | Reached XP level 1. HP: 11/11 MP: 3/3
    49 | D:1      | Slain by a quokka

Illustrated notes

Levels and vault maps discovered:
D:1:      minmay_arrival_stone_box, layout_basic

Action                   || total
-------------------------++-------
Melee: Unarmed           ||     2
       Constrict         ||     1
Dodge: Dodged            ||     3
